 Dungeon Crawl Stone Soup version 0.22.1-1-ga44c0e5 (webtiles) character file.

8374 Lavandula the Cleaver (level 11, -4/101 HPs)
             Began as a Centaur Berserker on Oct 1, 2018.
             Was an Elder of Trog.
             Slain by a cyclops (17 damage)
             ... on level 11 of the Dungeon on Oct 2, 2018.
             The game lasted 00:24:19 (4699 turns).

Lavandula the Cleaver (Centaur Berserker)           Turns: 4699, Time: 00:24:20

Health: -4/101     AC:  4    Str: 27    XL:     11   Next: 9%
Magic:  11/11      EV: 10    Int:  6    God:    Trog [****..]
Gold:   982        SH:  0    Dex: 11    Spells: 10/10 levels left

rFire    . . .     SeeInvis .   G - -3 hand axe (curse)
rCold    . . .     Gourm    .   (no shield)
rNeg     . . .     Faith    .   I - -2 ring mail (curse)
rPois    .         Spirit   .   V - +0 hat {MR+}
rElec    .         Reflect  .   (no cloak)
rCorr    .         Harm     .   O - +0 pair of gloves
MR       +++..                  (no barding)
Stlth    ..........             z - amulet of regeneration
HPRegen  1.66/turn              e - +2 ring of dexterity
MPRegen  0.12/turn              B - +4 ring of strength

@: berserk cooldown, regenerating, slowed
A: large, hooves 3, deformed body, speed 2, tough skin 3
a: Berserk, Trog's Hand, Brothers in Arms, Renounce Religion


You were on level 11 of the Dungeon.
You worshipped Trog.
Trog was greatly pleased with you.
You were hungry.

You visited 1 branch of the dungeon, and saw 12 of its levels.
You also visited: Sewer and Bailey.

You collected 1296 gold pieces.
You spent 314 gold pieces at shops.

Inventory:

Hand Weapons
 a - a +1 battleaxe of distortion
 A - a +0 trident of flaming
 D - a +3 glaive of freezing
 G - a cursed -3 hand axe (weapon)
 H - a +0 war axe
Missiles
 h - 2 tomahawks
 o - 6 javelins
 F - 52 tomahawks of returning
 R - 8 steel javelins (quivered)
Armour
 b - a +0 animal skin
 i - a +0 ring mail
 I - a cursed -2 ring mail (worn)
 K - +0 steam dragon scales
 O - a +0 pair of gloves (worn)
 V - a +0 hat of magic resistance (worn)
 Y - a cursed +0 scale mail
Jewellery
 e - a +2 ring of dexterity (left hand)
 y - an uncursed ring of resist corrosion
 z - an amulet of regeneration (around neck)
 B - a +4 ring of strength (right hand)
 E - an uncursed amulet of the acrobat {unknown}
 T - an uncursed ring of fire {unknown}
Wands
 l - a wand of digging (9)
 q - a wand of acid (10)
 v - a wand of flame (22)
 C - a wand of iceblast (6)
 P - a wand of random effects (4)
 W - a wand of paralysis (16)
Scrolls
 f - 2 scrolls of magic mapping
 g - a scroll of fear
 p - 2 scrolls of amnesia
 w - 9 scrolls of teleportation
 x - 3 scrolls of blinking
 N - a scroll of fog
 X - a scroll of identify
 Z - a scroll of enchant weapon
Potions
 d - 4 potions of heal wounds
 m - 2 potions of haste
 n - a potion of resistance
 r - 3 potions of agility
 s - 4 potions of curing
 u - 2 potions of degeneration
 J - a potion of brilliance
 L - 3 potions of berserk rage
 M - a potion of might
 Q - a potion of invisibility
 U - a potion of magic
Miscellaneous
 j - a lightning rod (2/4)
 S - a fan of gales
Comestibles
 c - 10 rations
 k - 3 chunks of flesh


   Skills:
 - Level 10.6 Fighting
 - Level 12.0 Axes
 - Level 4.0 Throwing
 - Level 1.3 Armour
 + Level 2.8 Dodging


You had 10 spell levels left.
You didn't know any spells.
Your spell library contained the following spells:

 Spells                   Type           Power        Failure   Level  Hunger
 Confusing Touch          Hex            #.....       58%         1    ##.....
 Corona                   Hex            #......      58%         1    ##.....
 Ensorcelled Hibernation  Hex/Ice        #.....       73%         2    ###....
 Poisonous Vapours        Pois/Air       #.....       73%         2    ###....
 Confuse                  Hex            #.......     91%         3    ####...
 Conjure Flame            Conj/Fire      #.......     91%         3    ####...
 Dazzling Spray           Conj/Hex       #.....       91%         3    ####...
 Gell's Gravitas          Tloc           #.........   91%         3    ####...
 Mephitic Cloud           Conj/Pois/Air  #.......     91%         3    ####...
 Tukima's Dance           Hex            #.......     91%         3    ####...
 Petrify                  Tmut/Erth      #.......     100%        4    #####..
 Metabolic Englaciation   Hex/Ice        #.........   100%        5    ######.
 Yara's Violent Unravell  Hex/Tmut       #.........   100%        5    ######.
 Freezing Cloud           Conj/Ice/Air   #.........   100%        6    #######
 Ring of Flames           Chrm/Fire      #.........   100%        7    #######


Dungeon Overview and Level Annotations

Branches:
Dungeon (12/15)            Temple (0/1) D:7            Lair (0/6) D:8
    Orc: D:9-12

Altars:
Dithmenos
Fedhas
Hepliaklqana
Nemelex Xobeh
Okawaru
Uskayaw

Shops:
D:11 }?(

Annotations:
D:6 Prince Ribbit


Innate Abilities, Weirdness & Mutations

You have hooves in place of feet.
Armour fits poorly on your strangely shaped body.
You cover ground very quickly.
You have extremely tough skin. (AC +3)


Message History

Unknown command.
You feel much better. The cyclops closely misses you.
Evoke which item? (* to show all) (? for menu, Esc to quit)
Aiming: Corrosive Bolt
Press: ? - help, Shift-Dir - straight line, f - cyclops
Aim: a cyclops (moderately wounded)
The bolt of acid hits the cyclops.
The cyclops is splashed with acid.
The cyclops is severely wounded.
The cyclops hits you!!
* * * LOW HITPOINT WARNING * * *
Unknown command.
Evoke which item? (* to show all) (? for menu, Esc to quit)
Aiming: Corrosive Bolt
Press: ? - help, Shift-Dir - straight line, f/p - cyclops
Aim: a cyclops (severely wounded)
The bolt of acid hits the cyclops.
The cyclops is splashed with acid.
The cyclops is almost dead.
You feel the effects of Trog's Hand fading.
The cyclops hits you!
You die...

.......##...#
............#
.###'###'#######+#
.#....[....#.....######+#
.#.........#[..........<.
.#.........#.............
.#.........'.............
.###########.....(.......
...#......##....@........
...#......#####C###......
...#......#.......#......
...#......#.#####.# #####
...#......# #.########
...'......#.#####.#......#
###########.......'......#
.. ##### #.......#......#
.. ......#.......#(.....#


You could see a cyclops.

Vanquished Creatures
  Gastronok (D:10)
  A two-headed ogre (D:10)
  An orc knight (Bailey)
  Pikel (D:9)
  Psyche (D:9)
  A troll (D:11)
  3 yaks (D:10)
  A wraith (D:10)
  A vampire (D:11)
  Menkaure (D:5)
  A steam dragon (D:9)
  Edmund (D:6)
  Duvessa (D:6)
  Purgy (D:3)
  6 orc warriors
  3 ice beasts
  3 sky beasts
  2 phantoms
  A black bear (D:9)
  A necrophage (D:11)
  3 ogres
  2 centaurs
  A crocodile (Sewer)
  4 bullfrogs
  A big kobold (D:8)
  Dowan (D:6)
  A howler monkey (D:5)
  A bullfrog zombie (D:10)
  A centaur zombie (D:9)
  3 crimson imps
  A quasit (D:8)
  5 bullfrog skeletons
  An orc priest (D:8)
  4 hounds
  A centaur skeleton (D:7)
  Jessica (D:2)
  Natasha (thrice) (D:2)
  Ijyb (D:5)
  An iguana (D:4)
  3 orc wizards
  4 worker ants
  A worker ant zombie (D:5)
  Robin (D:2)
  7 gnolls
  6 adders
  A shadow imp (D:11)
  An adder skeleton (D:5)
  A dart slug (D:2)
  2 leopard geckos
  24 orcs
  A ball python (D:5)
  3 bats
  7 giant cockroaches
  14 goblins
  8 hobgoblins
  7 jackals
  3 quokkas
  6 frilled lizards (Sewer)
  A jackal zombie (D:5)
  27 kobolds
  2 quokka skeletons (D:4)
  9 rats
207 creatures vanquished.

Vanquished Creatures (others)
  4 slaves (D:9)
  An orc priest (D:9)
  2 orcs (D:9)
7 creatures vanquished.

Grand Total: 214 creatures vanquished

Notes
Turn   | Place    | Note
-------+----------+-------------------------------------------
     0 | D:1      | Lavandula the Centaur Berserker began the quest for the
                  | Orb.
     0 | D:1      | Reached XP level 1. HP: 19/19 MP: 1/1
    56 | D:1      | Reached skill level 3 in Axes
    80 | D:1      | Reached XP level 2. HP: 18/26 MP: 2/2
   149 | D:2      | Noticed Natasha
   153 | D:2      | Killed Natasha
   153 | D:2      | Reached skill level 4 in Axes
   153 | D:2      | Reached XP level 3. HP: 27/31 MP: 3/3
   180 | D:2      | Noticed Jessica
   191 | D:2      | Killed Jessica
   191 | D:2      | Reached XP level 4. HP: 19/38 MP: 4/4
   271 | D:2      | Noticed Robin
   292 | D:2      | Killed Robin
   303 | D:2      | Reached ** piety under Trog
   449 | D:2      | Noticed Natasha
   457 | D:2      | Killed Natasha
   457 | D:2      | Reached skill level 5 in Axes
   498 | D:2      | Noticed Natasha
   513 | D:2      | Killed Natasha
   513 | D:2      | Reached XP level 5. HP: 13/45 MP: 5/5
   710 | D:4      | Noticed a phantom
   716 | D:4      | Killed a phantom
   716 | D:4      | Reached skill level 6 in Axes
   776 | D:3      | Found a shadowy altar of Dithmenos.
   800 | D:3      | Found a sparkling altar of Nemelex Xobeh.
   809 | D:3      | Reached XP level 6. HP: 51/51 MP: 6/6
   829 | D:3      | Found a blossoming altar of Fedhas.
   852 | D:3      | Noticed Purgy
   895 | D:3      | Killed Purgy
  1074 | D:4      | Reached skill level 7 in Axes
  1204 | D:5      | Entered Level 5 of the Dungeon
  1204 | D:5      | Noticed Menkaure
  1210 | D:5      | Killed Menkaure
  1210 | D:5      | Reached XP level 7. HP: 47/57 MP: 7/7
  1222 | D:5      | Noticed Ijyb
  1242 | D:5      | Killed Ijyb
  1250 | D:5      | Found a glowing drain.
  1261 | D:5      | Reached *** piety under Trog
  1264 | Sewer    | Entered a sewer
  1312 | Sewer    | Reached skill level 8 in Axes
  1569 | D:6      | Reached skill level 9 in Axes
  1569 | D:6      | Reached XP level 8. HP: 35/63 MP: 8/8
  1912 | D:6      | Noticed Edmund
  1923 | D:6      | Killed Edmund
  1999 | D:6      | Reached skill level 10 in Axes
  2086 | D:7      | Found an iron altar of Okawaru.
  2101 | D:7      | Found a flagged portal.
  2110 | Bailey   | Entered a bailey
  2222 | Bailey   | Reached **** piety under Trog
  2251 | Bailey   | Noticed an orc knight
  2281 | Bailey   | Killed an orc knight
  2281 | Bailey   | Reached skill level 11 in Axes
  2281 | Bailey   | Reached XP level 9. HP: 38/69 MP: 9/9
  2518 | D:8      | Reached skill level 1 in Throwing
  2616 | D:7      | Found a staircase to the Ecumenical Temple.
  2744 | D:6      | Noticed Duvessa
  2744 | D:6      | Noticed Dowan
  2750 | D:6      | Killed Dowan
  2755 | D:6      | Killed Duvessa
  2785 | D:6      | Noticed Prince Ribbit
  2947 | D:7      | Found a hide-covered altar of Uskayaw.
  3183 | D:8      | Reached skill level 12 in Axes
  3198 | D:8      | Found a staircase to the Lair.
  3198 | D:8      | Noticed a fire dragon
  3277 | D:9      | Noticed Psyche
  3282 | D:9      | Killed Psyche
  3282 | D:9      | Reached skill level 5 in Fighting
  3323 | D:9      | Noticed Pikel
  3333 | D:9      | Killed Pikel
  3333 | D:9      | Reached XP level 10. HP: 79/83 MP: 10/10
  3415 | D:10     | Entered Level 10 of the Dungeon
  3549 | D:9      | Received a gift from Trog
  3638 | D:9      | Found a hazy altar of Hepliaklqana.
  4086 | D:10     | Noticed a two-headed ogre
  4111 | D:10     | Killed a two-headed ogre
  4168 | D:10     | Noticed Gastronok
  4186 | D:10     | Killed Gastronok
  4186 | D:10     | Reached skill level 10 in Fighting
  4360 | D:10     | Reached XP level 11. HP: 93/101 MP: 11/11
  4385 | D:11     | Found Cumpub's Magic Scroll Shop.
  4393 | D:11     | Bought a scroll of enchant weapon for 112 gold pieces
  4393 | D:11     | Bought a scroll of blinking for 112 gold pieces
  4393 | D:11     | Bought a scroll of teleportation for 45 gold pieces
  4393 | D:11     | Bought a scroll of teleportation for 45 gold pieces
  4489 | D:11     | Found Plog's Gadget Shop.
  4644 | D:11     | Found Wudet's Antique Weapon Emporium.
  4699 | D:11     | Slain by a cyclops

Skill      XL: |  1  2  3  4  5  6  7  8  9 10 11 |
---------------+----------------------------------+-----
Axes           | 3 4 5 6 7 9 11 12 | 12.0
Fighting       | 6 10 | 10.6
Throwing       | 4 |  4.0
Dodging        | 2 |  2.8
Armour         | |  1.3

Action                   |  1- 3 |  4- 6 |  7- 9 | 10-12 || total
-------------------------+-------+-------+-------+-------++-------
Melee: Hand axe          |    44 |    93 |   215 |   107 ||   459
       Kick              |     6 |    18 |    86 |    49 ||   159
       Trident           |       |       |   143 |       ||   143
Throw: Tomahawk          |       |       |     3 |       ||     3
       Javelin           |       |       |       |     2 ||     2
Invok: Berserk           |     2 |    11 |    11 |     5 ||    29
       Trog's Hand       |       |       |     1 |     5 ||     6
       Brothers in Arms  |       |       |     1 |       ||     1
Evoke: Lightning rod     |       |       |     3 |     2 ||     5
       Wand              |       |       |       |     2 ||     2
  Use: Scroll            |       |       |    12 |     7 ||    19
       Potion            |       |       |     4 |     2 ||     6
  Eat: Chunk             |       |    11 |    14 |     3 ||    28
       Ration            |       |       |     1 |     2 ||     3
Armor: Animal skin       |    16 |     3 |       |       ||    19
       Ring mail         |       |    18 |    89 |    16 ||   123
Dodge: Dodged            |    31 |    39 |   127 |    41 ||   238
